 Dungeon Crawl Stone Soup version 0.28.0 (webtiles) character file.

Game seed: 18274793421245083088

5124 chmiii the Basher (level 10, -4/100 HPs)
             Began as a Troll Fighter on Feb 11, 2022.
             Slain by a vampire (18 damage)
             ... in a bailey.
             The game lasted 00:53:38 (7291 turns).

chmiii the Basher (Troll Fighter)                   Turns: 7291, Time: 00:53:38

Health: -4/100     AC:  6    Str: 26    XL:     10   Next: 32%
Magic:  9/9        EV: 12    Int:  4    God:
Gold:   271        SH: 10    Dex: 19    Spells: 9/9 levels left

rFire   . . .      SeeInvis .   a - +1 flail
rCold   . . .      Faith    .   c - +0 kite shield
rNeg    . . .      Spirit   .   k - +1 robe of Vines {NoPotionHeal Regen++++}
rPois   .          Reflect  .   (helmet restricted)
rElec   .          Harm     .   q - +0 cloak
rCorr   .          Rampage  .   (gloves unavailable)
Will    .....                   (boots unavailable)
Stlth   ++........              h - amulet of the acrobat
HPRegen 4.26/turn               t - +6 ring of dexterity
MPRegen 0.11/turn               (no ring)

@: no status effects
A: large, unfitting armour, claws 3, regeneration 1, shaggy fur 1, tough skin 1
a: no special abilities


You were in a bailey.
You visited 1 branch of the dungeon, and saw 7 of its levels.
You also visited: Sewer, Ossuary and Bailey.

You collected 271 gold pieces.

Inventory:

Hand Weapons
 a - a +1 flail (weapon)
 b - a +0 hunting sling
Missiles
 s - a large rock (quivered)
 A - 10 atropa-tipped darts
 B - 103 sling bullets
 C - 2 poisoned darts
Armour
 c - a +0 kite shield (worn)
 e - a +0 robe
 k - the +1 robe of Vines (worn) {NoPotionHeal Regen++++}
   (You found it in a bailey)

   Its wearer cannot be healed by potions.
   Regen:     It increases your rate of health regeneration.
 q - a +0 cloak (worn)
 v - +0 steam dragon scales
Jewellery
 h - an amulet of the acrobat (around neck)
 t - a +6 ring of dexterity (left claw)
 w - a ring of fire
Wands
 f - a wand of polymorph (10)
 j - a wand of iceblast (13)
 l - a wand of paralysis (17)
 y - a wand of charming (3)
Scrolls
 g - a scroll of amnesia
 i - 2 scrolls of teleportation
 r - 2 scrolls of enchant weapon
 D - a scroll of enchant armour {unknown}
Potions
 d - a potion of cancellation
 m - 2 potions of invisibility
 n - a potion of haste
 o - 2 potions of heal wounds
 p - 2 potions of brilliance
 u - 2 potions of curing
 z - a potion of lignification


   Skills:
 * Level 6.6 Fighting
 + Level 3.1(5.7) Axes
 * Level 8.1(8.5) Maces & Flails
 + Level 2.5 Slings
 + Level 5.6 Dodging
 + Level 5.5 Shields


You had 9 spell levels left.
You didn't know any spells.
Your spell library contained the following spells:

 Spells                   Type           Power      Damage    Failure   Level
 Magic Dart               Conj           0%         1d3       77%         1
 Searing Ray              Conj           0%         2d4       88%         2
 Sublimation of Blood     Necr           0%         N/A       88%         2
 Wereblood                Tmut           0%         N/A       88%         2
 Fulminant Prism          Conj/Hex       0%         3d6       100%        4
 Fireball                 Conj/Fire      0%         3d3       100%        5
 Starburst                Conj/Fire      0%         6d3       100%        6
 Summon Hydra             Summ           0%         N/A       100%        7
 Lehudib's Crystal Spear  Conj/Erth      0%         10d2      100%        8


Dungeon Overview and Level Annotations

Branches:
Dungeon (7/15)              Sewer (visited)         Ossuary (visited)
 Bailey (1/1)
 Temple: D:4-7

Altars:
Dithmenos
Qazlal

Shops:
D:1 *

Annotations:
D:5 exclusion: downstairs
D:6 Eustachio


Innate Abilities, Weirdness & Mutations

You are too large for most types of armour.
You have claws for hands.
Your natural rate of healing is unusually fast.
You are covered in fur. (AC +1)
You have tough skin. (AC +1)


Message History

The vampire is moderately damaged.
The vampire closely misses you. The vampire bites you!
The vampire draws strength from your injuries!
You barely miss the vampire.
The vampire is lightly damaged.
The vampire gestures at you while chanting.
You resist with some effort.
You hit the vampire but do no damage.
The vampire is lightly damaged.
The vampire closely misses you. The vampire bites you!
The vampire draws strength from your injuries!
The vampire hits you with a +2 vampiric halberd!
You block the vampire's attack.
You hit the vampire but do no damage. The vampire closely misses you.
The vampire bites you!
* * * LOW HITPOINT WARNING * * *
The vampire draws strength from your injuries!
You hit the vampire but do no damage.
The vampire casts a spell.
The vampire flickers and vanishes!
Deactivating autopickup; reactivate with Ctrl-A.
You hit something. Something hits you. Something bites you but does no damage.
You barely miss something. Something hits you! Something bites you.
Something draws strength from your injuries!
You hit something. You block something's attack. Something barely misses you.
You hit something but do no damage. Something hits you!
* * * LOW HITPOINT WARNING * * *
Something barely misses you. You block something's attack. Something bites you!
* * * LOW HITPOINT WARNING * * *
Something draws strength from your injuries!
Something hits you!!
* * * LOW HITPOINT WARNING * * *
Something misses you.
You hear some strange, mumbled words.
Something tries to affect you, but you resist.
You see here a large rock.
s - a large rock Something hits you!!
You die...

###......### ##..........#
#....#..#....#♣♣♣♣♣♣♣♣♣
♣≈≈≈≈≈≈#..#≈≈≈≈≈≈≈≈≈≈≈≈≈♣♣
♣≈≈≈≈≈≈#..#≈≈≈≈≈≈≈≈≈≈≈≈≈≈≈
♣♣♣#####..#.............≈≈
#...#.{########'#.....≈
#...#..##.....))#......
#...#.@##.......#..8...
#.))#..##+#####+#..8..♣
#...#..#........##..8.♣
#..........♣.....#....♣
#................#.....
####.....♣♣♣.....)##....
#.)'......♣..♣.....#....
#..#...............#....
###'##..........####'#.8..


There were no monsters in sight!

Vanquished Creatures
  2 centaur zombies (D:7)
  4 centaur skeletons (D:7)
  A gargoyle (Bailey)
  A hellwing (D:7)
  A vampire (Bailey)
  A steam dragon (D:6)
  Menkaure (Ossuary)
  A water moccasin (D:5)
  2 ice beasts
  A necrophage (D:7)
  An ogre (D:4)
  A black bear (D:7)
  A phantom (D:6)
  A centaur (D:6)
  A bullfrog (D:5)
  2 scorpions
  A wyvern zombie (D:6)
  A water moccasin skeleton (D:7)
  8 vampire bats (Bailey)
  6 wolf zombies (Bailey)
  A bullfrog zombie (D:6)
  6 hounds
  5 jellies
  3 orc priests (D:5)
  A bullfrog skeleton (D:5)
  Jessica (D:3)
  Terence (D:1)
  2 iguanas
  An orc wizard (D:5)
  Natasha (twice) (D:3)
  4 mummies
  A hound skeleton (D:4)
  Robin (D:4)
  3 gnolls (D:6)
  10 adders
  4 river rats
  2 shadow imps
  A dart slug (D:1)
  9 orcs
  9 endoplasms
  9 giant cockroaches
  5 gnoll zombies (Ossuary)
  15 goblins
  3 hobgoblins
  8 jackals (D:1)
  5 quokkas
  7 ball pythons
  3 bats
  6 frilled lizards
  6 gnoll skeletons (Ossuary)
  3 goblin skeletons (Ossuary)
  5 goblin zombies (Ossuary)
  5 hobgoblin skeletons (Ossuary)
  2 hobgoblin zombies (Ossuary)
  5 kobolds
  5 kobold skeletons (Ossuary)
  6 kobold zombies (Ossuary)
  An orc skeleton (Ossuary)
  22 orc zombies
  8 rats
  5 rat skeletons (Ossuary)
  4 rat zombies (Ossuary)
243 creatures vanquished.

Vanquished Creatures (others)
  A gnoll (D:6)
  3 withered plants (D:7)
4 creatures vanquished.

Grand Total: 247 creatures vanquished

Notes
Turn   | Place    | Note
-------+----------+-------------------------------------------
     0 | D:1      | chmiii the Troll Fighter began the quest for the Orb.
     0 | D:1      | Reached XP level 1. HP: 22/22 MP: 0/0
   149 | D:1      | Reached skill level 2 in Maces & Flails
   223 | D:1      | Reached XP level 2. HP: 28/29 MP: 1/1
   372 | D:1      | You fall into a shaft and drop 1 floor!
   372 | D:2      | Noticed Terence
   390 | D:1      | Found Qockiane's General Store.
   409 | D:1      | Killed Terence
   410 | D:1      | Reached XP level 3. HP: 22/36 MP: 2/2
   701 | D:1      | Found a faded altar of an unknown god.
  1182 | D:2      | Reached XP level 4. HP: 44/44 MP: 3/3
  1474 | D:3      | Found a glowing drain.
  1496 | Sewer    | Entered a sewer
  1532 | Sewer    | Reached skill level 3 in Maces & Flails
  1826 | Sewer    | Reached XP level 5. HP: 21/53 MP: 4/4
  1919 | Sewer    | Found a viscous altar of Jiyva.
  2361 | D:3      | Noticed Natasha
  2366 | D:3      | Killed Natasha
  2390 | D:3      | Noticed Natasha
  2410 | D:3      | Killed Natasha
  2411 | D:3      | Reached XP level 6. HP: 49/61 MP: 5/5
  2703 | D:3      | Noticed Jessica
  2709 | D:3      | Killed Jessica
  2710 | D:3      | Reached skill level 4 in Maces & Flails
  2912 | D:4      | Found a sand-covered staircase.
  2921 | Ossuary  | Entered an ossuary
  3282 | Ossuary  | Noticed Menkaure
  3330 | Ossuary  | Killed Menkaure
  3331 | Ossuary  | Reached XP level 7. HP: 30/67 MP: 6/6
  3516 | D:4      | Noticed Robin
  3537 | D:4      | Killed Robin
  3949 | D:5      | Entered Level 5 of the Dungeon
  3967 | D:5      | Reached skill level 5 in Maces & Flails
  4293 | D:5      | Reached XP level 8. HP: 78/78 MP: 7/7
  4872 | D:5      | Reached skill level 6 in Maces & Flails
  5018 | D:6      | Found a shadowy altar of Dithmenos.
  5191 | D:6      | Noticed Eustachio
  5278 | D:6      | Reached skill level 1 in Axes
  5377 | D:6      | Reached skill level 1 in Slings
  5395 | D:5      | Reached skill level 5 in Fighting
  5675 | D:6      | Identified the +1 chain mail "Pyin" {rN++ Str+3 Int+4}
  5733 | D:6      | Found a stormy altar of Qazlal.
  5766 | D:6      | Reached XP level 9. HP: 88/88 MP: 8/8
  6232 | D:7      | Got Asmodeus's Guide on Confrontation
  6265 | D:7      | Reached skill level 7 in Maces & Flails
  6265 | D:7      | Reached skill level 5 in Dodging
  6265 | D:7      | Reached skill level 5 in Shields
  6345 | D:7      | Noticed a hellwing
  6369 | D:7      | Killed a hellwing
  6398 | D:7      | Noticed a hellwing
  6425 | D:7      | Reached XP level 10. HP: 98/98 MP: 9/9
  6522 | D:7      | Found a flagged portal.
  6555 | Bailey   | Entered a bailey
  6716 | Bailey   | Reached skill level 8 in Maces & Flails
  6800 | Bailey   | Found the +1 robe of Vines {NoPotionHeal Regen++++}
  7013 | Bailey   | Noticed a gargoyle
  7033 | Bailey   | Killed a gargoyle
  7291 | Bailey   | Slain by a vampire

Illustrated notes

Levels and vault maps discovered:
D:1:      minmay_arrival_jagged, layout_basic,
          shapermc_ecumenical_altar_flowoftime, serial_shops,
          nicolae_shop_hallway_stairs
D:2:      layout_rooms, uniq_terence
D:3:      layout_loops_ring, portal_sewer_entry_a, minmay_misc_feat_x,
          uniq_jessica, uniq_natasha
D:4:      cheibrodos_quashed, layout_basic, gup_ossuary_entry_pyramid,
          uniq_robin
D:5:      layout_gridville
D:6:      layout_loops_ring, grunt_dithmenos_shadows, kennysheep_mini_moat,
          minmay_tree_intersection, uniq_eustachio
D:7:      cheibrodos_grave_circle, layout_loops_ring,
          minmay_temple_entry_glassed_door, enter_bailey_6,
          kennysheep_generic_room_11
Bailey:   bailey_polearm_vampire_castle_hellmonk, bailey

Skill      XL: |  1  2  3  4  5  6  7  8  9 10 |
---------------+-------------------------------+-----
Maces & Flails | 2 3 4 5 6 7 8 |  8.1
Shields        | 3 4 5 |  5.5
Dodging        | 3 4 5 |  5.6
Fighting       | 3 4 5 6 |  6.6
Axes           | 1 2 3 |  3.1
Slings         | 1 2 |  2.5

Action                   |  1- 3 |  4- 6 |  7- 9 | 10-12 || total
-------------------------+-------+-------+-------+-------++-------
Melee: Flail             |   133 |   312 |   343 |   254 ||  1042
 Fire: Hunting sling     |       |       |    19 |       ||    19
Throw: Large rock        |       |       |    13 |    10 ||    23
       Dart              |       |       |     2 |       ||     2
       Throwing net      |       |       |     2 |       ||     2
  Use: Potion            |       |     3 |     5 |       ||     8
       Scroll            |       |       |    16 |     1 ||    17
 Stab: Sleeping          |       |       |     1 |     2 ||     3
       Held in net/web   |       |       |     1 |       ||     1
Armor: Robe              |    60 |   112 |    88 |    14 ||   274
       Steam dragon scal |       |       |    43 |    99 ||   142
Dodge: Dodged            |    64 |   192 |   172 |   232 ||   660
Block: Kite shield       |    56 |   150 |   190 |   222 ||   618
